 Dungeon Crawl Stone Soup version 0.30-a0-711-gf4ac18a38d (webtiles) character file.

Game seed: 7902542199905771186

78050 wormed the Eclecticist (level 15, -34/97 HPs)
             Began as a Deep Elf Fire Elementalist on Jan 23, 2023.
             Was a High Priest of Vehumet.
             Annihilated by a death yak simulacrum (45 damage)
             ... animated by a necromancer
             ... in a Gauntlet.
             The game lasted 00:54:58 (30850 turns).

wormed the Eclecticist (DEFE)                      Turns: 30850, Time: 00:54:59

Health: -34/97     AC: 11    Str:  5    XL:     15   Next: 17%
Magic:  27/37      EV: 16    Int: 28    God:    Vehumet [*****.]
Gold:   2217       SH:  5    Dex: 15    Spells: 25/46 levels left

rFire   + + .      SeeInvis .    R - staff of conjuration
rCold   x x .      Faith    .    (no shield)
rNeg    . . .      Spirit   .    E - +1 troll leather armour
rPois   .          Reflect  +    (no helmet)
rElec   .          Harm     .    L - +2 cloak {Will+}
rCorr   .          Rampage  .    x - +1 pair of gloves
Will    ++...      NoTele   +    A - +0 pair of boots
Stlth   ++++                     S - amulet of reflection
HPRegen 1.16/turn                t - ring of fire
MPRegen 0.25/turn                F - ring of fire

@: very slightly contaminated
A: no striking features
a: Renounce Religion


You were in a Gauntlet.
You worshipped Vehumet.
Vehumet was extremely pleased with you.
You visited 4 branches of the dungeon, and saw 22 of its levels.
You also visited: Gauntlet.

You collected 2800 gold pieces.
You spent 583 gold pieces at shops.

Inventory:

Missiles
 y - a throwing net
Armour
 b - a scarf of invisibility
 x - a +1 pair of gloves (worn)
 A - a +0 pair of boots (worn)
 E - a +1 troll leather armour (worn)
 L - a +2 cloak of willpower (worn)
Magical Staves
 R - a staff of conjuration (weapon)
Jewellery
 c - a ring of ice
 h - a ring of positive energy
 j - a ring of fire
 t - a ring of fire (left hand)
 C - a +5 ring of evasion
 F - a ring of fire (right hand)
 J - a +6 ring of dexterity
 P - a ring of poison resistance
 S - an amulet of reflection (around neck)
Wands
 a - a wand of polymorph (16)
 B - a wand of digging (7)
 I - a wand of roots (14)
 K - a wand of charming (1)
 M - a wand of mindburst (4)
Scrolls
 f - a scroll of brand weapon
 g - 2 scrolls of fog
 i - 8 scrolls of teleportation
 l - a scroll of silence
 n - 7 scrolls of poison
 q - 5 scrolls of immolation
 r - 2 scrolls of enchant armour
 s - 4 scrolls of magic mapping
 v - 3 scrolls of enchant weapon
 z - a scroll of torment
 D - 2 scrolls of amnesia
 Q - 2 scrolls of fear
 T - a scroll of identify
Potions
 d - 4 potions of magic
 e - 10 potions of curing
 k - 5 potions of might
 m - 3 potions of haste
 o - 2 potions of flight
 p - 5 potions of mutation
 u - a potion of brilliance
 w - 3 potions of attraction
 G - 5 potions of ambrosia
 H - 3 potions of berserk rage
 N - 2 potions of cancellation
 O - 2 potions of lignification
 U - a potion of invisibility


   Skills:
 * Level 12.9 Fighting
 - Level 11.0 Dodging
 - Level 11.0 Stealth
 - Level 16.0 Spellcasting
 - Level 11.0 Conjurations
 - Level 11.0 Fire Magic
 + Level 7.1 Air Magic


You had 25 spell levels left.
You knew the following spells:

 Your Spells              Type           Power      Damage    Failure   Level
a - Lightning Bolt        Conj/Air       41%        1d60      1%          5
b - Fireball              Conj/Fire      68%        3d26      1%          5
c - Freezing Cloud        Conj/Ice/Air   35%        6-21      2%          5
d - Iskenderun's Mystic   Conj/Tloc      68%        2d14      1%          4
k - Blink                 Tloc           44%        N/A       5%          2

Your spell library contained the following spells:

 Spells                   Type           Power      Damage    Failure   Level
 Lee's Rapid Deconstruct  Erth           11%        3d8*      24%         5
 Foxfire                  Conj/Fire      100%       2x1d9     1%          1
 Freeze                   Ice            88%        1d9       1%          1
 Scorch                   Fire           100%       2d10      1%          2
 Hailstorm                Conj/Ice       68%        3d14      1%          3
 Inner Flame              Hex/Fire       88%        N/A       1%          3
 Kindle Blastsparks       Fire/Tloc/Air  100%       2d18      1%          3
 Airstrike                Air            29%        2d(5-21)  1%          4
 Flame Wave               Conj/Fire      100%       2d21      1%          4
 Starburst                Conj/Fire      68%        6d18      1%          6
 Summon Small Mammal      Summ           88%        N/A       3%          1
 Frozen Ramparts          Ice            44%        1d7       3%          3
 Lesser Beckoning         Tloc           44%        N/A       5%          2
 Sublimation of Blood     Necr           22%        N/A       5%          2
 Wereblood                Tmut           22%        N/A       5%          2
 Summon Lightning Spire   Summ/Air       42%        N/A       9%          4
 Gell's Gravitas          Tloc           22%        N/A       11%         3
 Teleport Other           Tloc           22%        N/A       11%         3
 Manifold Assault         Tloc           22%        N/A       34%         4
 Petrify                  Tmut/Erth      22%        N/A       34%         4
 Metabolic Englaciation   Hex/Ice        11%        N/A       69%         5
 Summon Forest            Summ/Tloc      11%        N/A       69%         5
 Summon Mana Viper        Hex/Summ       22%        N/A       69%         5
 Statue Form              Tmut/Erth      14%        N/A       99%         6
 Summon Cactus Giant      Summ           11%        N/A       99%         6
 Storm Form               Tmut/Air       21%        N/A       100%        7
 Summon Hydra             Summ           11%        N/A       100%        7


Dungeon Overview and Level Annotations

Branches:
Dungeon (14/15)            Temple (1/1) D:5            Lair (5/5) D:9
  Swamp (0/4) Lair:3       Spider (0/4) Lair:2        Slime (0/5) Lair:4
    Orc (2/2) D:12            Elf (0/3) Orc:2       Gauntlet (1/1)
 Vaults: D:13-14

Altars:
Ashenzari
Cheibriados
Dithmenos
Elyvilon
Fedhas
Gozag
Hepliaklqana
Kikubaaqudgha
Makhleb
Nemelex Xobeh
Okawaru
Qazlal
Ru
Sif Muna
Trog
Uskayaw
Vehumet
Wu Jian
Xom
Yredelemnul
Zin
The Shining One
Lugonu

Shops:
D:2 [   D:5 **   D:13 (   Orc:2 [!**

Portals:
Abyss: D:12
Trove: D:11 (show slimy rune of Zot)

Annotations:
Gauntlet 13 transporters, 16 runed translucent doors


Message History

The necromancer points at you and mumbles some strange words.
You resist with almost no effort.
Casting: Fireball (mildly dangerous; 1% risk of failure)
Confirm with . or Enter, or press ? or * to list all spells.
You feel a surge of power!
You erupt in a blast of force!
The mystic blast hits the necromancer!!
You kill the necromancer!
Vehumet accepts your kill.
You feel your power returning.
The mystic blast hits the death yak simulacrum!
The death yak simulacrum is moderately damaged.
The death yak simulacrum is knocked back by the mystic blast.
The death yak simulacrum slams into the runed translucent gate!
The mystic blast hits the death yak simulacrum!
The death yak simulacrum is moderately damaged.
The mystic blast hits the death yak.
The death yak is severely wounded.
The death yak is knocked back by the mystic blast.
The mystic blast hits the death yak simulacrum!
The death yak simulacrum is moderately damaged.
The death yak simulacrum closely misses you.
Casting: Iskenderun's Mystic Blast (mildly dangerous; 1% risk of failure)
Confirm with . or Enter, or press ? or * to list all spells.
You feel a surge of power!
You erupt in a blast of force!
The mystic blast hits the death yak!
The death yak is severely wounded.
The death yak is knocked back by the mystic blast.
The death yak slams into the translucent stone wall!
The death yak is almost dead.
The mystic blast hits the death yak simulacrum!
The death yak simulacrum is heavily damaged.
The mystic blast hits the death yak simulacrum!
The death yak simulacrum is severely damaged.
The mystic blast hits the death yak simulacrum!!
The death yak simulacrum is almost destroyed.
The death yak simulacrum completely misses you.
The death yak simulacrum gores you!
* * * LOW HITPOINT WARNING * * *
The death yak simulacrum freezes you!!!
You feel a terrible chill!
You die...

###...............###
#8#..###########..#8#
###..#...+..+..#..###
#....#...+..+..#....#
#....#[.##++#++#....#
#..###).+...+..###..# ###
###..#©#©.+...#.©#©#..### ### #8#
#8#..#.#[.+Z.Z'..#.#..#8# #8#
#######..#.#..##@'#++#.#..#######
.........#.#..)'Z.+..#.#.........
.........#.#..Y'..+..#.#.........
.#########.###########.#########.
.#©........#§≈§§8≈§≈§#........©#.
##########.###########.##########
.uGu#..#.#.#.....#245#.#.#.....##
^..#...#.#.#..##..#..#.#.#..###.#
...#.^.#.#.#..#..##..#.#.#.##.##.


You could see a death yak (soul bound), a reaper, a hellwing, a shadow imp and 3
death yak simulacra.

Vanquished Creatures
  Jorgrun (D:14)
  Frances (D:13)
  2 orc warlords (Orc:1)
  A fire dragon (Lair:5)
  Fannar (D:10)
  3 hydras
  2 catoblepae
  2 centaur warriors
  3 boulder beetles
  4 two-headed ogres
  4 death yaks
  A soul eater (D:9)
  A sun demon (D:9)
  A sixfirhy (D:8)
  5 skeletal warriors (D:11)
  Lodul (D:14)
  A swamp dragon (Lair:5)
  3 bog bodies (Lair:3)
  A deep elf pyromancer (D:12)
  An oklob plant (Lair:4)
  A necromancer (Gauntlet)
  3 lindwurms
  3 orc knights (Orc:2)
  2 cyclopes
  2 ugly things
  5 manticores
  11 orc sorcerers
  A worldbinder (Gauntlet)
  6 elephants
  5 black mambas
  The ghost of Nabski the Magician, a novice TeFE of Sif Muna (D:5)
  An orange demon (D:9)
  A smoke demon (D:9)
  5 torpor snails (Lair:5)
  8 cane toads
  5 komodo dragons
  5 rime drakes
  An efreet (D:13)
  3 polar bears
  8 hornets
  13 trolls
  3 tyrant leeches (Lair:5)
  7 blink frogs
  42 yaks
  4 culicivoras (Lair:2)
  3 shadows
  7 wyverns
  2 vampires
  2 wraiths
  3 steam dragons
  7 basilisks
  The ghost of SkeletonJelly the Chopper, an amateur DsCK of Xom (D:3)
  11 vampire mosquitoes
  11 wargs
  3 acid dragons
  A swamp worm (Lair:3)
  11 water moccasins
  3 swamp drakes (Lair:5)
  26 orc warriors
  5 black bears
  A sky beast (D:8)
  3 boggarts (Gauntlet)
  4 wolves (Lair:5)
  11 ogres
  6 centaurs
  A phantom (D:5)
  3 kobold brigands
  10 bullfrogs
  A wyvern zombie (D:3)
  2 gnoll sergeants
  A scorpion (D:6)
  A necrophage (D:7)
  5 wights
  23 killer bees
  4 electric eels
  7 howler monkeys
  A vampire bat (D:4)
  4 hounds
  3 quasits
  A jelly (D:5)
  2 gnoll boudas
  12 orc priests
  A bullfrog skeleton (D:3)
  14 hell rats
  9 iguanas
  48 orc wizards
  Natasha (twice) (D:2)
  14 gnolls
  9 adders
  A howler monkey skeleton (D:3)
  2 shadow imps
  A white imp (D:6)
  2 ufetubi
  3 worms
  4 dart slugs
  81 orcs
  6 bats
  3 bat skeletons (D:4)
  2 bat zombies (D:4)
  9 endoplasms
  3 giant cockroaches
  6 hobgoblins
  7 jackals
  5 quokkas
  7 ball pythons
  4 frilled lizards
  2 goblins
  8 kobolds
  4 rats
644 creatures vanquished.

Vanquished Creatures (collateral kills)
  A fire dragon (Lair:5)
  A foxfire (Lair:1)
2 creatures vanquished.

Vanquished Creatures (others)
  6 demonic plants (D:9)
  312 foxfires
  20 fungi
  2 lurking horrors (D:12)
  85 plants
  14 withered plants (Gauntlet)
439 creatures vanquished.

Grand Total: 1085 creatures vanquished

Notes
Turn   | Place    | Note
-------+----------+-------------------------------------------
     0 | D:1      | wormed the Deep Elf Fire Elementalist began the quest for
                  | the Orb.
     0 | D:1      | Reached XP level 1. HP: 10/10 MP: 6/6
   196 | D:1      | Reached XP level 2. HP: 15/15 MP: 4/8
   201 | D:1      | Learned a level 2 spell: Scorch
   396 | D:1      | Found a faded altar of an unknown god.
   618 | D:1      | Reached XP level 3. HP: 20/20 MP: 4/9
   808 | D:1      | Learned a level 3 spell: Inner Flame
  1310 | D:2      | Found Geogh's Antique Armour Boutique.
  1366 | D:2      | Noticed Natasha
  1373 | D:2      | Killed Natasha
  1374 | D:2      | Reached skill level 1 in Fighting
  1374 | D:2      | Reached XP level 4. HP: 21/25 MP: 2/11
  1784 | D:2      | Noticed Natasha
  1788 | D:2      | Killed Natasha
  2274 | D:3      | Reached XP level 5. HP: 29/29 MP: 2/12
  2880 | D:3      | Found a transporter.
  2880 | D:3      | Noticed SkeletonJelly's ghost (amateur DsCK)
  2946 | D:3      | Found a white marble altar of Elyvilon.
  3318 | D:4      | Noticed an ogre
  3322 | D:4      | Killed an ogre
  3323 | D:4      | Reached skill level 4 in Spellcasting
  3475 | D:4      | Reached XP level 6. HP: 33/35 MP: 1/14
  3578 | D:4      | Found an ancient bone altar of Kikubaaqudgha.
  4407 | D:5      | Entered Level 5 of the Dungeon
  4654 | D:5      | Noticed a wyvern
  4751 | D:5      | Found a staircase to the Ecumenical Temple.
  4758 | D:5      | Found Feti Guass's Lightly-Used Armoury.
  4781 | Temple   | Entered the Ecumenical Temple
  4893 | Temple   | Became a worshipper of Vehumet
  5191 | D:5      | Reached XP level 7. HP: 40/40 MP: 10/16
  5310 | D:5      | Found a transporter.
  5313 | D:5      | Found a transporter.
  5314 | D:5      | Noticed Nabski's ghost (novice TeFE)
  5321 | D:5      | Learned a level 5 spell: Fireball
  5563 | D:5      | Killed a wyvern
  5564 | D:5      | Reached skill level 5 in Dodging
  5564 | D:5      | Reached skill level 5 in Stealth
  5564 | D:5      | Reached skill level 5 in Spellcasting
  5564 | D:5      | Reached skill level 5 in Fire Magic
  5647 | D:5      | Found Beuhutin's Gadget Gallery.
  5775 | D:2      | Bought a pair of embroidered gloves for 195 gold pieces
  6389 | D:6      | Reached XP level 8. HP: 45/45 MP: 6/18
  6928 | D:6      | Noticed a troll
  6932 | D:6      | Reached skill level 6 in Spellcasting
  6932 | D:6      | Killed a troll
  7115 | D:7      | Identified the +8 war axe "Zulumic" {freeze, Fly rPois}
  7126 | D:7      | Noticed a hornet
  7131 | D:7      | Killed a hornet
  7131 | D:7      | Reached * piety under Vehumet
  7131 | D:7      | Offered knowledge of Shock by Vehumet.
  7149 | D:7      | Reached skill level 5 in Conjurations
  7161 | D:7      | Reached XP level 9. HP: 17/52 MP: 9/21
  7345 | D:7      | Reached skill level 7 in Spellcasting
  7610 | D:7      | Found a shimmering blue altar of Sif Muna.
  7651 | D:7      | Got Sif Muna's Secrets of Congregated Refrigeration
  7696 | D:7      | Found a bloodstained altar of Trog.
  8304 | D:8      | Identified the +8 chain mail of a wizard's laboratory
                  | {Regen+}
  8470 | D:8      | Reached ** piety under Vehumet
  8622 | D:8      | Found a hide-covered altar of Uskayaw.
  8813 | D:8      | Offered knowledge of Poisonous Vapours by Vehumet.
  8900 | D:9      | Noticed a sun demon
  9111 | D:9      | Noticed an elephant
  9381 | D:9      | Noticed a soul eater
  9475 | D:9      | Noticed a smoke demon
  9633 | D:9      | Killed a smoke demon
  9634 | D:9      | Reached skill level 8 in Spellcasting
  9746 | D:9      | Noticed a sixfirhy
  9777 | D:9      | Reached XP level 10. HP: 12/58 MP: 12/24
  9983 | D:8      | Offered knowledge of Dazzling Flash by Vehumet.
  9986 | D:8      | Killed a sixfirhy
 10160 | D:9      | Reached *** piety under Vehumet
 10246 | D:9      | Killed a soul eater
 10247 | D:9      | Reached skill level 5 in Fighting
 10416 | D:9      | Killed an elephant
 10423 | D:9      | Noticed an orange demon
 10526 | D:9      | Found a staircase to the Lair.
 10553 | Lair:1   | Entered Level 1 of the Lair of Beasts
 10570 | Lair:1   | Noticed an elephant
 10723 | Lair:1   | Reached skill level 9 in Spellcasting
 10866 | Lair:1   | Noticed an elephant
 10909 | Lair:1   | Noticed an elephant
 11053 | Lair:1   | Offered knowledge of Olgreb's Toxic Radiance by Vehumet.
 11056 | Lair:1   | Reached XP level 11. HP: 56/64 MP: 22/26
 11350 | Lair:1   | Reached skill level 10 in Stealth
 11350 | Lair:1   | Reached skill level 10 in Spellcasting
 11965 | Lair:2   | Noticed a catoblepas
 12111 | Lair:2   | Killed a catoblepas
 12239 | Lair:2   | Reached **** piety under Vehumet
 12539 | Lair:2   | Reached skill level 10 in Dodging
 12650 | Lair:2   | Found a hole to the Spider Nest.
 12853 | Lair:2   | Offered knowledge of Ignite Poison by Vehumet.
 12999 | Lair:2   | Reached XP level 12. HP: 60/71 MP: 19/28
 13232 | Lair:3   | Reached skill level 11 in Spellcasting
 13536 | Lair:3   | Noticed a seven-headed hydra
 13540 | Lair:3   | Killed a seven-headed hydra
 14360 | Lair:3   | Reached skill level 10 in Fire Magic
 14629 | Lair:3   | Found a staircase to the Swamp.
 15109 | Lair:4   | Found a staircase to the Slime Pits.
 15210 | Lair:4   | You fall into a shaft and drop 1 floor!
 15210 | Lair:5   | Entered Level 5 of the Lair of Beasts
 16223 | Lair:5   | Noticed a catoblepas
 16228 | Lair:5   | Noticed a death yak
 16231 | Lair:5   | Killed a catoblepas
 16232 | Lair:5   | Reached skill level 12 in Spellcasting
 16236 | Lair:5   | Killed a death yak
 16237 | Lair:5   | Reached skill level 10 in Conjurations
 16487 | Lair:5   | Noticed a four-headed hydra
 16679 | Lair:5   | Noticed an eight-headed hydra
 16682 | Lair:5   | Killed an eight-headed hydra
 16991 | Lair:5   | Reached XP level 13. HP: 79/79 MP: 20/31
 17117 | Lair:5   | Reached ***** piety under Vehumet
 17226 | Lair:5   | Offered knowledge of Yara's Violent Unravelling by Vehumet.
 17473 | Lair:5   | Noticed a fire dragon
 17483 | Lair:5   | Learned a level 5 spell: Lightning Bolt
 17493 | Lair:5   | Paralysed by a hornet for 3 turns
 18328 | Lair:5   | Reached skill level 13 in Spellcasting
 18626 | Lair:5   | Killed a fire dragon
 18686 | Lair:5   | Identified the +2 trident "Newt's Bane" {heavy, Stlth+}
 18854 | Lair:5   | Found a runed translucent door.
 18855 | Lair:5   | Noticed a fire dragon
 19689 | D:10     | Entered Level 10 of the Dungeon
 19699 | D:10     | Noticed Fannar
 19702 | D:10     | Killed Fannar
 19721 | D:10     | Reached skill level 1 in Air Magic
 19842 | D:10     | Identified the +6 falchion of the Morning {drain, rPois
                  | Str-5 Dex+3}
 19849 | D:10     | Reached skill level 10 in Fighting
 20845 | D:10     | Found a burning altar of Makhleb.
 21238 | D:11     | Found a portal to a secret trove of treasure.
 21397 | D:11     | Reached skill level 14 in Spellcasting
 21666 | D:11     | Offered knowledge of Iskenderun's Mystic Blast by Vehumet.
 21677 | D:11     | Learned a level 4 spell: Iskenderun's Mystic Blast
 22335 | D:12     | Reached XP level 14. HP: 57/88 MP: 24/34
 23041 | D:12     | Found a staircase to the Orcish Mines.
 23255 | D:2      | Bought a runed scarf for 208 gold pieces
 23741 | D:12     | Found a corrupted altar of Lugonu.
 23741 | D:12     | Found a one-way gate to the infinite horrors of the Abyss.
 23967 | Orc:1    | Entered Level 1 of the Orcish Mines
 24152 | Orc:2    | Entered Level 2 of the Orcish Mines
 24999 | Orc:2    | Offered knowledge of Freezing Cloud by Vehumet.
 25006 | Orc:2    | Learned a level 5 spell: Freezing Cloud
 25370 | Orc:2    | Found Tylaos's Antique Armour Shoppe.
 25370 | Orc:2    | Found Bocepp's Distillery.
 25421 | Orc:2    | Bought a runed cloak for 180 gold pieces
 25694 | Orc:2    | Reached skill level 5 in Air Magic
 25836 | Orc:2    | Paralysed by an orc sorcerer for 2 turns
 26186 | Orc:2    | Found a staircase to the Elven Halls.
 26395 | Orc:2    | Found Arangigh's General Store.
 26395 | Orc:2    | Found Korotuc's General Store.
 26791 | Orc:1    | Noticed an orc warlord
 26799 | Orc:1    | Killed an orc warlord
 26800 | Orc:1    | Reached skill level 15 in Spellcasting
 26985 | Orc:1    | Noticed an orc warlord
 27354 | Orc:1    | Killed an orc warlord
 27821 | D:3      | Killed SkeletonJelly's ghost
 27951 | D:3      | Found a transporter.
 28058 | D:5      | Killed Nabski's ghost
 29023 | D:13     | Found Sufe's Weapon Boutique.
 29092 | D:13     | Offered knowledge of Lee's Rapid Deconstruction by Vehumet.
 29209 | D:13     | Noticed Frances
 29213 | D:13     | Killed Frances
 29765 | D:13     | Learned a level 2 spell: Blink
 29767 | D:14     | Noticed Jorgrun
 29770 | D:14     | Killed Jorgrun
 29911 | D:14     | Noticed Lodul
 29913 | D:14     | Killed Lodul
 29914 | D:14     | Reached XP level 15. HP: 97/97 MP: 15/36
 30156 | D:14     | Found a gate leading to a gauntlet.
 30245 | Gauntlet | Entered a Gauntlet
 30245 | Gauntlet | Found a transporter.
 30245 | Gauntlet | Found a transporter.
 30379 | Gauntlet | Found a transporter.
 30394 | Gauntlet | Found a transporter.
 30396 | Gauntlet | Found a large runed translucent door.
 30396 | Gauntlet | Found a large runed translucent door.
 30397 | Gauntlet | Found a large runed translucent door.
 30397 | Gauntlet | Found a large runed translucent door.
 30398 | Gauntlet | Found a large runed translucent door.
 30398 | Gauntlet | Found a runed translucent door.
 30398 | Gauntlet | Found a large runed translucent door.
 30398 | Gauntlet | Found a runed translucent door.
 30398 | Gauntlet | Found a large runed translucent door.
 30398 | Gauntlet | Found a large runed translucent door.
 30399 | Gauntlet | Found a large runed translucent door.
 30399 | Gauntlet | Found a large runed translucent door.
 30402 | Gauntlet | Found a large runed translucent door.
 30402 | Gauntlet | Found a large runed translucent door.
 30405 | Gauntlet | Found a large runed translucent door.
 30405 | Gauntlet | Found a large runed translucent door.
 30406 | Gauntlet | Found a runed translucent gate.
 30406 | Gauntlet | Found a runed translucent gate.
 30406 | Gauntlet | Found a runed translucent gate.
 30408 | Gauntlet | Found a transporter.
 30418 | Gauntlet | Found a large runed translucent door.
 30419 | Gauntlet | Found a large runed translucent door.
 30421 | Gauntlet | Found a transporter.
 30439 | Gauntlet | Found a transporter.
 30507 | Gauntlet | Found a transporter.
 30522 | Gauntlet | Found a transporter.
 30536 | Gauntlet | Found a transporter.
 30549 | Gauntlet | Found a transporter.
 30638 | Gauntlet | Found a transporter.
 30648 | Gauntlet | Found a transporter.
 30658 | Gauntlet | Found a transporter.
 30660 | Gauntlet | Found a transporter.
 30661 | Gauntlet | Found the +5 robe of Night {Dark Will+ SInv}
 30668 | Gauntlet | Found a transporter.
 30847 | Gauntlet | Reached skill level 16 in Spellcasting
 30850 | Gauntlet | Annihilated by a death yak simulacrum

Illustrated notes

Levels and vault maps discovered:
D:1:      lemuel_arrival_rhombus, layout_basic,
          chequers_ecumenical_altar_simple, minmay_tall_x
D:2:      layout_loops_corners, serial_shops, shop, uniq_natasha
D:3:      layout_loops_ring, overflow_temple_1_default,
          gammafunk_ghost_mausoleum
D:4:      layout_loops_ring, kennysheep_vampire_church, minmay_misc_feat_tower
D:5:      layout_rooms, minmay_temple_entry_gardened_gates,
          gammafunk_ghost_hive, minmay_shop_damaged, nicolae_shop_gadgets
D:6:      layout_loops_cross, chequers_jeans, bh_walls_and_bars
D:7:      layout_rooms, nzn_overflow_gifts_of_might_and_magic
D:8:      layout_cave_pools, nicolae_uskayaw_murder_on_the_dancefloor,
          patterned_corridor
D:9:      layout_stronghold, david_lair_generic, serial_demonic,
          serial_demonic_c, serial_demonic_a, serial_demonic_a,
          serial_demonic_g, chequers_avenue
D:10:     layout_loops_ring, bloody_makhleb, minmay_alternating_orb, uniq_fannar
D:11:     layout_stronghold, enter_trove_3
D:12:     layout_rooms, orc_0_dummy, amcnicky_altar_lugonu_corruption
D:13:     layout_cave_pools, serial_shops, nicolae_shop_bloodbath_and_beyond,
          uniq_frances
D:14:     layout_cross, david_vaults_4, gauntlet_entry_generic,
          nicolae_benzene_ring, uniq_jorgrun, uniq_lodul
Temple:   nicolae_temple_slightly_damp_pantheon
Lair:1:   layout_regular_city
Lair:2:   layout_small_grid, hellmonk_spider_entry_life_and_decay,
          lightli_volcano_entry_magma_tube, grunt_forest_stairs_basic
Lair:3:   layout_cave_pods, nicolae_swamp_entry_splash_gauntlet, serial_rivers,
          chequers_serial_rivers_micro_d, chequers_serial_rivers_micro_a,
          chequers_serial_rivers_room_b, chequers_serial_rivers_large_a,
          chequers_serial_rivers_micro_b, chequers_serial_rivers_small_3
Lair:4:   layout_hall_layers, minmay_slime_entry_oklob_enclosed,
          grunt_megastairs_1
Lair:5:   wormcave, layout_cave_pods, guppyfry_lair_end_dragon, st_stairs_3,
          nicolae_lair_yak_garden, serial_bayou_shore_a,
          infiniplex_staircase_pool
Orc:1:    layout_diamond_mine
Orc:2:    st_orc_town, layout_caves
Gauntlet: gammafunk_gauntlet_branching [gammafunk_gauntlet_arena_crates,
          gammafunk_gauntlet_arena_spirals,
          gammafunk_gauntlet_arena_split_diamond,
          nicolae_gauntlet_arena_t_cross, gammafunk_gauntlet_arena_teeth,
          minmay_gauntlet_arena_make_your_own_arena,
          gammafunk_gauntlet_arena_arrow_garden, nicolae_gauntlet_swirl,
          gauntlet_exit_hidden_loot]

Skill      XL: |  1  2  3  4  5  6  7  8  9 10 11 12 13 14 15 |
---------------+----------------------------------------------+-----
Stealth        | 3 4 5 6 8 9 10 11 | 11.0
Dodging        | 3 4 5 6 7 8 10 11 | 11.0
Fighting       | 1 2 3 4 5 6 8 10 12 | 12.9
Conjurations   | 2 3 4 5 6 7 8 10 11 | 11.0
Fire Magic     | 4 5 6 7 8 9 10 11 | 11.0
Spellcasting   | 4 5 6 8 9 10 12 14 15 16 | 16.0
Air Magic      | 3 6 7 |  7.1

Action                     |  1- 3 |  4- 6 |  7- 9 | 10-12 | 13-15 || total
---------------------------+-------+-------+-------+-------+-------++-------
  Melee: Staff             |     1 |    17 |       |     4 |    13 ||    35
         Punch             |       |     1 |       |       |       ||     1
   Cast: Foxfire           |    11 |    14 |    60 |    96 |     2 ||   183
         Scorch            |    30 |    74 |   101 |   124 |    24 ||   353
         Inner Flame       |       |     3 |    46 |    62 |     1 ||   112
         Fireball          |       |       |       |    70 |   352 ||   422
         Lightning Bolt    |       |       |       |       |    25 ||    25
         Iskenderun's Myst |       |       |       |       |    42 ||    42
         Freezing Cloud    |       |       |       |       |    12 ||    12
    Use: Scroll            |       |    15 |     5 |     6 |    14 ||    40
         Potion            |       |     1 |     2 |       |     4 ||     7
 Armour: Robe              |     1 |    10 |     1 |       |       ||    12
         Troll leather arm |       |       |    20 |    22 |    28 ||    70
  Dodge: Dodged            |     7 |    37 |   100 |   154 |    86 ||   384
  Block: Other             |       |       |       |     2 |    27 ||    29
         Reflection        |       |       |       |       |     5 ||     5

Table legend: (Time is in decaauts)
 A = Elapsed time spent in this place.
 B = Non-inter-level travel time spent in this place.
 C = Inter-level travel time spent in this place.
 D = Time resting spent in this place.
 E = Time spent auto-exploring this place.
 F = Levels seen in this place.
 G = Mean time per level.
                   A        B        C        D        E       F      G
               +--------+--------+--------+--------+--------+-----+--------+
         Total |  31002 |  28788 |   2214 |    235 |  24485 |  23 | 1347.9 |
       Dungeon |  17044 |  15498 |   1546 |    235 |  13070 |  14 | 1217.4 |
        Temple |    467 |    431 |     36 |      0 |    371 |   1 |  467.0 |
          Lair |   9204 |   8648 |    556 |      0 |   7438 |   5 | 1840.8 |
  Orcish Mines |   3681 |   3606 |     75 |      0 |   3148 |   2 | 1840.5 |
      Gauntlet |    604 |    604 |      0 |      0 |    458 |   1 |  604.0 |
               +--------+--------+--------+--------+--------+-----+--------+

Top non-repeatable levels by time:
  Lair:5: 2714 daAuts
   Orc:2: 2337 daAuts
  Lair:4: 1931 daAuts
     D:8: 1856 daAuts
  Lair:3: 1817 daAuts
    D:11: 1780 daAuts
     D:4: 1510 daAuts
     D:2: 1509 daAuts
     D:9: 1464 daAuts
  Lair:1: 1414 daAuts
    D:10: 1357 daAuts
   Orc:1: 1343 daAuts
     D:6: 1329 daAuts
  Lair:2: 1325 daAuts
     D:5: 1219 daAuts
